General information
- name: BNet
- type: Ladder 1vs1/FFA
- host: Battle.net
- saver: DIRTMCGIRT
map: TwistedMeadows
- players: 2
- length: 12:53
- speed: Fast
- version: 1.21 W3XP
- replay type: Public
» download(39 KB)
Players
team 1 (loser)

»
The-Renegade (
pink | 41 APM | 522 actions | 12:52)
3 Demon Hunter
2 Mana Burn
1 Evasion
2 Keeper of the Grove
1 Entangling Roots
1 Thorns Aura
» actions
| Basic commands | 8 | |
| Build / train | 40 | |
| Enter build submenu | 11 | |
| Enter hero's abilities submenu | 5 | |
| Give item / drop item | 1 | |
| Right click | 206 | |
| Select / deselect | 223 | |
| Use ability | 28 | |
522 total
» units
| Wisp | 10 | |
| Archer | 9 | |
| Huntress | 1 | |
| Druid of the Talon | 6 | |
| Chimaera | 1 | |
27 total
» upgrades
| Improved Bows | 1 | |
| Druid of the Talon Training | 2 | |
| Marksmanship | 1 | |
4 total
» buildings
| Altar of Elders | 1 | |
| Moon Well | 5 | |
| Ancient of War | 1 | |
| Tree of Ages | 1 | |
| Hunter's Hall | 1 | |
| Ancient of Wind | 2 | |
| Tree of Eternity | 1 | |
| Chimaera Roost | 1 | |
13 total
» build order
00:08 Altar of Elders
00:21 Moon Well
00:34 Ancient of War
01:30 Moon Well
02:50 Tree of Ages
03:11 Moon Well
03:37 Hunter's Hall
05:21 Ancient of Wind
05:48 Ancient of Wind
06:26 Moon Well
07:08 Tree of Eternity
09:56 Chimaera Roost
11:32 Moon Well
team 2 (winner)

»
DIRTMCGIRT (
purple | 111 APM | 1435 actions | 12:53)
4 Far Seer
2 Feral Spirit
2 Chain Lighting
4 Firelord
2 Summon Lava Spawn
2 Soul Burn
» actions
| Assign group hotkey | 12 | |
| Build / train | 53 | |
| Enter build submenu | 12 | |
| Enter hero's abilities submenu | 9 | |
| Give item / drop item | 1 | |
| Remove unit from queue | 7 | |
| Right click | 581 | |
| Select / deselect | 490 | |
| Select group hotkey | 220 | |
| Use ability | 50 | |
1435 total
» units
| Peon | 8 | |
| Grunt | 4 | |
| Raider | 6 | |
| Spirit Walker | 1 | |
| Troll Batrider | 4 | |
23 total
» upgrades
| Berserker Strength | 1 | |
| Ensnare | 1 | |
| Spirit Walker Training | 1 | |
| Pillage | 1 | |
4 total
» buildings
| Altar of Storms | 1 | |
| Orc Burrow | 4 | |
| Barracks | 1 | |
| Voodoo Lounge | 1 | |
| Stronghold | 1 | |
| War Mill | 1 | |
| Beastiary | 1 | |
| Spirit Lodge | 1 | |
| Great Hall | 1 | |
12 total
» build order
00:04 Altar of Storms
00:12 Orc Burrow
00:23 Barracks
01:46 Orc Burrow
02:02 Voodoo Lounge
03:01 Stronghold
04:13 Orc Burrow
05:10 War Mill
05:40 Beastiary
06:57 Spirit Lodge
08:00 Orc Burrow
10:00 Great Hall
» items
| Healing Salve | 2 | |
| Scroll of Speed | 2 | |
| Scroll of Town Portal | 1 | |
| Lesser Clarity Potion | 1 | |
| Potion of Healing | 1 | |
| Potion of Mana | 1 | |
8 total
Chat log
(00:14 / All) DIRTMCGIRT: gl hf